 Dungeon Crawl Stone Soup version 0.29.1-1-gd02db6906a (webtiles) character file.

Game seed: 14815591642712958827

26 MuMoEnjoyer the Sneak (level 2, 0/13 HPs)
             Began as a Spriggan Enchanter on Oct 17, 2022.
             Frozen to death by an endoplasm (5 damage)
             ... on level 1 of the Dungeon.
             The game lasted 00:02:53 (1704 turns).

MuMoEnjoyer the Sneak (Spriggan Enchanter)          Turns: 1704, Time: 00:02:54

Health: 0/13       AC:  2    Str:  4    XL:     2   Next: 89%
Magic:  6/6        EV: 17    Int: 16    God:
Gold:   11         SH:  0    Dex: 15    Spells: 6/6 levels left

rFire   . . .      SeeInvis +   a - +1 dagger
rCold   . . .      Faith    .   (no shield)
rNeg    . . .      Spirit   .   b - +0 robe
rPois   .          Reflect  .   (helmet restricted)
rElec   .          Harm     .   (no cloak)
rCorr   .          Rampage  .   (gloves unavailable)
Will    .....                   (boots unavailable)
Stlth   +++.......              (no amulet)
HPRegen 0.04/turn               (no ring)
MPRegen 0.10/turn               (no ring)

@: invisible, very quick
A: very small, no large weapons, unfitting armour, see invisible, speed 3
a: no special abilities


You were on level 1 of the Dungeon.
You visited 1 branch of the dungeon, and saw 1 of its levels.

You collected 11 gold pieces.

Inventory:

Hand Weapons
 a - a +1 dagger (weapon)
Missiles
 d - 6 stones (quivered)
Armour
 b - a +0 robe (worn)
Potions
 c - a potion of invisibility
 e - a potion of berserk rage
 f - a potion of ambrosia {unknown}


   Skills:
 * Level 2.3 Short Blades
 - Level 2.6 Dodging
 * Level 5.5 Stealth
 - Level 2.6 Spellcasting
 - Level 3.6 Hexes


You had 6 spell levels left.
You didn't know any spells.
Your spell library contained the following spells:

 Spells                   Type           Power      Damage    Failure   Level
 Confusing Touch          Hex            13%        N/A       13%         3
 Tukima's Dance           Hex            13%        N/A       13%         3
 Ensorcelled Hibernation  Hex/Ice        14%        N/A       14%         2
 Dazzling Flash           Conj/Hex       14%        N/A       28%         3


Dungeon Overview and Level Annotations

Branches:
Dungeon (1/15)

Altars:


Innate Abilities, Weirdness & Mutations

You are very small and have problems with some larger weapons.
You are too small for most types of armour.
You have supernaturally acute eyesight. (SInv)
You cover ground extremely quickly. (Speed+++)


Message History

The giant cockroach misses you. The hobgoblin hits you.
You hit the giant cockroach.
The giant cockroach is moderately wounded.
The giant cockroach misses you. The hobgoblin misses you.
You hit the giant cockroach.
The giant cockroach is heavily wounded.
The giant cockroach completely misses you.
The hobgoblin hits you but does no damage.
You barely miss the giant cockroach.
The giant cockroach is heavily wounded.
The giant cockroach misses you.
You closely miss the giant cockroach.
The giant cockroach is moderately wounded.
The giant cockroach closely misses you. The hobgoblin barely misses you.
The endoplasm barely misses you.
You hit the giant cockroach.
The giant cockroach is almost dead.
The giant cockroach completely misses you.
The hobgoblin barely misses you. The endoplasm freezes you.
You are frozen.
You hit the giant cockroach.
You kill the giant cockroach!
The hobgoblin barely misses you. The endoplasm freezes you.
You are frozen.
The ball python barely misses you. The ball python completely misses you.
You hit the ball python.
The ball python is severely wounded.
The ball python completely misses you. The ball python misses you.
The hobgoblin misses you. The endoplasm freezes you.
You are frozen.
You are too injured to fight recklessly!
You fade into invisibility!
A giant cockroach comes into view.
The ball python closely misses you. The hobgoblin misses you.
The endoplasm freezes you.
You are frozen.
You die...

.......#.....#####.#
.......#.##..#####.####
.......................
..........#...........
.......#..#...(...###
............#.....#
.....#....>.#.....#
.........P#.+.....+
........P~###...@J#
.......P≈≈#....S†g......
......P~~≈#.............
.....P~~~≈#...>.........
P.<.P~~≈≈≈#.............
.....P~~~≈#.............
......P~~≈#.............
.......P~≈#......B......
........P≈


You could see an endoplasm, a giant cockroach (wandering, unable to see you), a
hobgoblin (unable to see you) and a ball python (unable to see you).

Vanquished Creatures
  2 dart slugs (D:1)
  2 endoplasms (D:1)
  2 giant cockroaches (D:1)
  3 goblins (D:1)
  A hobgoblin (D:1)
  4 kobolds (D:1)
  A ball python (D:1)
  2 bats (D:1)
  4 rats (D:1)
21 creatures vanquished.

Vanquished Creatures (collateral kills)
  A hobgoblin (D:1)
1 creature vanquished.

Vanquished Creatures (others)
  A plant (D:1)
1 creature vanquished.

Grand Total: 23 creatures vanquished

Notes
Turn   | Place    | Note
-------+----------+-------------------------------------------
     0 | D:1      | MuMoEnjoyer the Spriggan Enchanter began the quest for the
                  | Orb.
     0 | D:1      | Reached XP level 1. HP: 9/9 MP: 5/5
   212 | D:1      | Found a faded altar of an unknown god.
   229 | D:1      | Reached skill level 5 in Stealth
   229 | D:1      | Reached XP level 2. HP: 8/13 MP: 6/6
  1704 | D:1      | Frozen to death by an endoplasm

Illustrated notes

Levels and vault maps discovered:
D:1:      eino_arrival_druids_welcome, layout_basic,
          chequers_ecumenical_altar_island, chequers_decorated_corner

Skill      XL: |  1  2 |
---------------+-------+-----
Stealth        | 5 |  5.5
Short Blades   | 2 |  2.3
Dodging        | |  2.6
Spellcasting   | |  2.6
Hexes          | |  3.6

Action                   || total
-------------------------++-------
Melee: Dagger            ||   102
Throw: Stone             ||     2
  Use: Scroll            ||     3
       Potion            ||     2
 Stab: Sleeping          ||     5
Armor: Robe              ||     4
Dodge: Dodged            ||    89
